 Dungeon Sprint DCSS version 0.28-a0-71-g84acfa7270 (webtiles) character file.

Game seed: 5828052932511976192

278 Zeldest the Martial Artist (level 8, -4/70 HPs)
             Began as a Vine Stalker Transmuter on Aug 2, 2021.
             Was a Believer of Ru.
             Slain by a tyrant leech (15 damage)
             ... in the Dungeon (Sprint VI: "Thunderdome").
             The game lasted 00:06:01 (595 turns).

Zeldest the Martial Artist (Vine Stalker Transmuter) Turns: 595, Time: 00:06:01

Health: -4/70      AC:  4    Str: 12    XL:     8   Next: 67%
Magic:  0/14       EV: 15    Int: 13    God:    Ru [**....]
Gold:   112        SH:  0    Dex: 18    Spells: 3/13 levels left

rFire   x . .      SeeInvis .     - Unarmed
rCold   x . .      Faith    .   (no shield)
rNeg    . . .      Spirit   +   m - +0 troll leather armour
rPois   .          Reflect  .   (helmet currently unavailable)
rElec   .          Harm     .   (no cloak)
rCorr   .          Rampage  .   (no gloves)
Will    +....      NoTele   +   (boots currently unavailable)
Stlth   ..........              (no amulet)
HPRegen 2.21/turn               (no ring)
MPRegen 0.14/turn               (no ring)

@: berserking (expiring), appendages, wereblooded, very quick
A: horns 2, talons 2, fangs 3, regeneration 1, magic shield, antimagic bite, no
potion heal 2, temperature sensitive
a: End Transformation, Renounce Religion


You were in the Dungeon.
You worshipped Ru.
Ru was pleased with you.
You had temporarily grown beastly horns and talons.
You visited 1 branch You collected 600 gold pieces.
You spent 488 gold pieces at shops.

Inventory:

Armour
 m - a +0 troll leather armour (worn)
Wands
 g - a wand of acid (4)
 h - a wand of iceblast (3)
 l - a wand of flame (8)
Scrolls
 f - 4 scrolls of blinking
 i - 3 scrolls of fog
Potions
 b - a potion of curing
 c - 4 potions of haste
 d - 2 potions of magic
 j - a potion of resistance
 k - 3 potions of heal wounds {unknown}


   Skills:
 + Level 7.7 Fighting
 + Level 7.2 Dodging
 + Level 9.0 Unarmed Combat
 - Level 3.3 Spellcasting
 + Level 8.7 Transmutations
 + Level 7.9 Air Magic


You had 3 spell levels left.
You knew the following spells:

 Your Spells              Type           Power      Damage    Failure   Level
a - Beastly Appendage     Tmut           48%        N/A       1%          1
b - Wereblood             Tmut           24%        N/A       1%          2
c - Storm Form            Tmut/Air       11%        N/A       100%        7

Your spell library contained the following spells:

 Spells                   Type           Power      Damage    Failure   Level
 Spider Form              Tmut/Pois      6%         N/A       14%         3
 Ice Form                 Ice/Tmut       13%        N/A       43%         4
 Summon Lightning Spire   Summ/Air       12%        N/A       50%         4
 Maxwell's Capacitive Co  Air            11%        ∞         100%        8


Dungeon Overview and Level Annotations

Branches:
Dungeon (1/1)

Altars:
Cheibriados
Dithmenos
Fedhas
Gozag
Kikubaaqudgha
Makhleb
Okawaru
Qazlal
Ru
Sif Muna
Trog
Uskayaw
Vehumet
Wu Jian
Xom
Yredelemnul
Zin
The Shining One
Beogh
Jiyva
Lugonu

Shops:
D *[??*?*:[((!!!!


Innate Abilities, Weirdness & Mutations

You have temporarily grown beastly horns and talons.
You have razor-sharp teeth.
Your natural rate of healing is unusually fast.
When hurt, damage is shared between your health and your magic reserves.
Your bite disrupts and absorbs the magic of your enemies.
Potions cannot restore your health.
You are sensitive to extremes of temperature. (rF-, rC-)


Message History

You barely miss the vampire mosquito. You headbutt the vampire mosquito!
The vampire mosquito is heavily damaged.
The five-headed hydra disappears in a puff of smoke!
The vampire mosquito misses you.
The vampire mosquito bites you but does no damage.
You closely miss the vampire mosquito. Your kick misses the vampire mosquito.
Your headbutt misses the vampire mosquito.
You bite the vampire mosquito. You drain its power.
You feel invigorated.
The vampire mosquito is severely damaged.
The vampire mosquito misses you. The tyrant leech bites you!
* * * LOW HITPOINT WARNING * * *
The tyrant leech draws strength from your injuries!
The vampire mosquito bites you.
* * * LOW HITPOINT WARNING * * *
The vampire mosquito draws strength from your injuries!
You miss the vampire mosquito. Your kick misses the vampire mosquito.
Your bite misses the vampire mosquito.
The vampire mosquito is severely damaged.
The vampire mosquito barely misses you. The vampire mosquito bites you!
* * * LOW HITPOINT WARNING * * *
The vampire mosquito draws strength from your injuries!
You closely miss the vampire mosquito. Your bite misses the vampire mosquito.
The vampire mosquito is severely damaged.
The vampire mosquito barely misses you. The vampire mosquito bites you.
* * * LOW HITPOINT WARNING * * *
The vampire mosquito draws strength from your injuries!
The tyrant leech closely misses you.
You miss the vampire mosquito. Your bite misses the vampire mosquito.
The vampire mosquito is severely damaged.
The vampire mosquito bites you.
* * * LOW HITPOINT WARNING * * *
The vampire mosquito draws strength from your injuries!
The vampire mosquito misses you.
The vampire mosquito closely misses you.
You miss the vampire mosquito. Your kick misses the vampire mosquito.
You headbutt the vampire mosquito!
You feel a bit better.
You destroy the vampire mosquito!
The vampire mosquito bites you but does no damage.
The tyrant leech bites you!
You die...

#⌠...........⌠#
######.8.........8.######
##.___......###.......__∩##
###∩........8.# #.8........∩##
##.........D...###.............
#⌠..........###...###..........
#⌠..........# #{D.# #..........
#⌠..........###wD.###..........
##..........)[@###.............
###∩.......)8y# #.8........∩##
##∩___......###......___∩##
######.8.........8.######
#⌠.....[.....⌠# ###[........###
#........_# #_......._#
#_......._#


You could see a six-headed hydra (summoned), a four-headed hydra (summoned), a
tyrant leech and a vampire mosquito.

Vanquished Creatures
  Josephine (D)
  Sigmund (D)
  A vampire mosquito (D)
  2 necrophages (D)
  A phantom (D)
  6 orc priests (D)
  Jessica (D)
  An iguana (D)
  An adder (D)
  2 adder zombies (D)
  An adder skeleton (D)
  An orc (D)
  A giant cockroach (D)
  2 hobgoblins (D)
  A jackal (D)
  A ball python (D)
24 creatures vanquished.

Notes
Turn   | Place    | Note
-------+----------+-------------------------------------------
     0 | D        | Zeldest the Vine Stalker Transmuter began the quest for the
                  | Orb.
     0 | D        | Reached XP level 1. HP: 9/9 MP: 4/4
     2 | D        | Found a snail-covered altar of Cheibriados.
     3 | D        | Found an ornate altar of the Wu Jian Council.
     3 | D        | Found an opulent altar of Gozag.
     4 | D        | Found a hide-covered altar of Uskayaw.
     4 | D        | Found a shimmering altar of Xom.
     5 | D        | Round 1.
     8 | D        | Found a viscous altar of Jiyva.
     8 | D        | Found a bloodstained altar of Trog.
     9 | D        | Found a glowing silver altar of Zin.
     9 | D        | Found a shadowy altar of Dithmenos.
    10 | D        | Found a radiant altar of Vehumet.
    10 | D        | Found a glowing golden altar of the Shining One.
    11 | D        | Found Iddadon's Do-It-Yourself Clinic.
    11 | D        | Found a burning altar of Makhleb.
    11 | D        | Found Vil Jevucky's Distillery.
    12 | D        | Found Maelipt's Bottled Wisdom.
    12 | D        | Found Joqoofore's Distillery.
    13 | D        | Found an iron altar of Okawaru.
    14 | D        | Found an ancient bone altar of Kikubaaqudgha.
    14 | D        | Found Zumatoi's Weapon Rack.
    14 | D        | Found Epong's Premium Goods.
    18 | D        | Reached skill level 1 in Fighting
    27 | D        | Found a blossoming altar of Fedhas.
    30 | D        | Found Eduer's Staff Store.
    31 | D        | Found a shimmering blue altar of Sif Muna.
    31 | D        | Found a basalt altar of Yredelemnul.
    31 | D        | Found a corrupted altar of Lugonu.
    31 | D        | Found Uleweposes's Magic Scroll Shop.
    31 | D        | Found Ejuag's Must-Have Magic.
    31 | D        | Found Yreucw's Magic Scroll Shop.
    35 | D        | Found a stormy altar of Qazlal.
    36 | D        | Found a sacrificial altar of Ru.
    38 | D        | Found Gozyur's Identification Station.
    39 | D        | Found Atyriq's Jewellery.
    39 | D        | Found Mamihuk's Advanced Armour.
    44 | D        | Became a worshipper of Ru the Awakened
    54 | D        | Noticed an iguana
    60 | D        | Killed an iguana
    61 | D        | Reached XP level 2. HP: 16/16 MP: 5/7
    61 | D        | Reached XP level 3. HP: 19/19 MP: 5/8
    64 | D        | Learned a level 2 spell: Wereblood
    64 | D        | Noticed Sigmund
    70 | D        | Killed Sigmund
    71 | D        | Reached skill level 5 in Unarmed Combat
    71 | D        | Reached skill level 5 in Transmutations
    71 | D        | Gained mutation: Your natural rate of healing is unusually
                  | fast. [Vine Stalker growth]
    71 | D        | Reached XP level 4. HP: 26/26 MP: 1/10
    71 | D        | Reached XP level 5. HP: 30/30 MP: 1/11
    86 | D        | Noticed Jessica
    95 | D        | Found Deiban's Miscellaneous Merchandise.
    95 | D        | Found Helac's Basic Armour.
    98 | D        | Killed Jessica
    98 | D        | Arena points: 12 (+12) [x2]
    99 | D        | Reached skill level 6 in Unarmed Combat
   110 | D        | Bought a +0 troll leather armour for 180 gold pieces
   139 | D        | Round 2.
   160 | D        | Noticed a necrophage
   169 | D        | Killed a necrophage
   170 | D        | Reached skill level 5 in Fighting
   170 | D        | Reached skill level 5 in Dodging
   170 | D        | Reached XP level 6. HP: 31/35 MP: 4/12
   199 | D        | Gained mutation: You are sensitive to extremes of
                  | temperature. (rF-, rC-) [Ru sacrifice]
   199 | D        | Reached * piety under Ru
   199 | D        | Reached ** piety under Ru
   211 | D        | Arena points: 54 (+42) [x3]
   276 | D        | Round 3.
   297 | D        | Reached skill level 5 in Air Magic
   360 | D        | Noticed a necrophage
   373 | D        | Killed a necrophage
   376 | D        | Reached skill level 7 in Unarmed Combat
   398 | D        | Noticed Josephine
   415 | D        | Killed Josephine
   416 | D        | Reached skill level 8 in Unarmed Combat
   416 | D        | Reached XP level 7. HP: 37/42 MP: 8/13
   416 | D        | Gained mutation: You have razor-sharp teeth. [Vine Stalker
                  | growth]
   416 | D        | Reached XP level 8. HP: 40/46 MP: 8/14
   431 | D        | Arena points: 138 (+84) [x4]
   474 | D        | Round 4.
   506 | D        | Reached skill level 9 in Unarmed Combat
   511 | D        | Arena points: 278 (+140) [x5]
   530 | D        | Bought a book of the Sky for 308 gold pieces
   538 | D        | Learned a level 7 spell: Storm Form
   555 | D        | Round 5.
   567 | D        | Noticed a witch
   572 | D        | Noticed a four-headed hydra
   574 | D        | Noticed a tyrant leech
   580 | D        | Noticed a five-headed hydra
   581 | D        | Noticed a four-headed hydra
   587 | D        | Noticed a six-headed hydra
   595 | D        | Slain by a tyrant leech

Illustrated notes

Levels and vault maps discovered:
D:        arena_sprint

Skill      XL: |  1  2  3  4  5  6  7  8 |
---------------+-------------------------+-----
Fighting       | 2 4 5 7 |  7.7
Dodging        | 2 4 5 6 7 |  7.2
Spellcasting   | 3 |  3.3
Transmutations | 3 5 6 8 |  8.7
Unarmed Combat | 5 6 8 9 |  9.0
Air Magic      | 3 4 7 |  7.9

Action                   |  1- 3 |  4- 6 |  7- 9 || total
-------------------------+-------+-------+-------++-------
Melee: Unarmed           |     7 |    49 |    33 ||    89
       Kick              |     4 |    17 |     9 ||    30
       Bite              |     2 |    19 |     5 ||    26
       Headbutt          |     1 |     7 |     8 ||    16
       Punch             |       |     1 |     1 ||     2
 Cast: Beastly Appendage |     3 |     6 |     3 ||    12
       Wereblood         |     1 |     5 |     2 ||     8
Invok: Sacrifice Resista |       |     1 |       ||     1
Evoke: Wand              |     3 |       |       ||     3
  Use: Potion            |       |       |     1 ||     1
Armor: Troll leather arm |       |     9 |     3 ||    12
Dodge: Dodged            |     5 |    26 |    22 ||    53

Table legend: (Time is in decaauts)
 A = Elapsed time spent in this place.
 B = Non-inter-level travel time spent in this place.
 C = Inter-level travel time spent in this place.
 D = Time resting spent in this place.
 E = Time spent auto-exploring this place.
 F = Levels seen in this place.
 G = Mean time per level.
                   A        B        C        D        E       F      G
               +--------+--------+--------+--------+--------+-----+--------+
         Total |    579 |    579 |      0 |     91 |      5 |   1 |  579.0 |
       Dungeon |    579 |    579 |      0 |     91 |      5 |   1 |  579.0 |
               +--------+--------+--------+--------+--------+-----+--------+

Top non-repeatable levels by time:
       D: 579 daAuts
